 Dungeon Crawl Stone Soup version 0.30-a0-4-ga7cffc901d (webtiles) character file.

Game seed: 7262031348590089900

382 Newt the Twirler (level 6, -3/48 HPs)
             Began as a Demonspawn Gladiator on Aug 20, 2022.
             Slain by a black bear (5 damage)
             ... on level 4 of the Dungeon.
             The game lasted 00:05:11 (4156 turns).

Newt the Twirler (Demonspawn Gladiator)             Turns: 4156, Time: 00:05:12

Health: -3/48      AC:  8    Str: 17    XL:     6   Next: 47%
Magic:  6/6        EV:  7    Int:  9    God:
Gold:   221        SH:  0    Dex: 14    Spells: 5/5 levels left

rFire   . . .      SeeInvis .    h - +3 lajatang
rCold   . . .      Faith    .    (shield currently unavailable)
rNeg    . . .      Spirit   .    n - +0 chain mail
rPois   .          Reflect  .    (helmet restricted)
rElec   .          Harm     .    (no cloak)
rCorr   .          Rampage  .    (no gloves)
Will    .....                    (no boots)
Stlth   ..........               (no amulet)
HPRegen 0.16/turn                (no ring)
MPRegen 0.10/turn                (no ring)

@: no status effects
A: antennae 1, foul stench 2
a: no special abilities


You were on level 4 of the Dungeon.
You visited 1 branch of the dungeon, and saw 4 of its levels.

You collected 221 gold pieces.

Inventory:

Hand Weapons
 a - a +0 rapier
 h - a +3 lajatang (weapon)
Missiles
 d - 2 throwing nets (quivered)
 j - a javelin
 t - 23 stones
Armour
 b - a +0 leather armour
 c - a +0 helmet
 n - a +0 chain mail (worn)
Jewellery
 p - an amulet of regeneration
 q - a ring of see invisible
Wands
 f - a wand of digging (3)
Scrolls
 e - a scroll of enchant armour {unknown}
 i - 3 scrolls of amnesia
 k - a scroll of butterflies {unknown}
Potions
 g - a potion of haste {unknown}
 l - a potion of attraction {unknown}
 m - a potion of berserk rage
 r - a potion of curing
 s - a potion of mutation


   Skills:
 + Level 3.8 Fighting
 - Level 2.6 Short Blades
 - Level 4.0 Staves
 - Level 3.0 Throwing
 - Level 2.6 Dodging
 - Level 2.0 Stealth


You had 5 spell levels left.
You didn't know any spells.
Your spell library contained the following spells:

 Spells                   Type           Power      Damage    Failure   Level
 Beastly Appendage        Tmut           0%         N/A       100%        1
 Wereblood                Tmut           0%         N/A       100%        2
 Frozen Ramparts          Ice            0%         1d1       100%        3
 Spider Form              Tmut/Pois      0%         N/A       100%        3
 Ice Form                 Ice/Tmut       0%         N/A       100%        4
 Summon Ice Beast         Ice/Summ       0%         N/A       100%        4


Dungeon Overview and Level Annotations

Branches:
Dungeon (4/15)
 Temple: D:4-7

Altars:
Cheibriados
Dithmenos
Qazlal
Sif Muna

Shops:
D:1 :


Innate Abilities, Weirdness & Mutations

You have a pair of small antennae on your head.
You sometimes emit foul miasma when damaged in melee.


Message History

You slash the black bear!
The black bear is moderately wounded.
The black bear bites you but does no damage.
The black bear closely misses you. The black bear barely misses you.
You closely miss the black bear.
The black bear is moderately wounded.
The black bear bites you. The black bear claws you.
The black bear claws you but does no damage.
You barely miss the black bear.
The black bear is moderately wounded.
The black bear bites you but does no damage.
The black bear barely misses you.
The black bear claws you but does no damage.
The black bear bites you. The black bear claws you.
The black bear claws you but does no damage.
You completely miss the black bear.
The black bear is moderately wounded.
The black bear bites you but does no damage.
The black bear claws you but does no damage. x2
Unknown command.
You slash the black bear!
The black bear is severely wounded.
The black bear bites you.
The black bear claws you but does no damage. x2
Unknown command.
You closely miss the black bear.
The black bear is severely wounded.
The black bear goes berserk!
Unknown command.
You hit the black bear but do no damage.
The black bear is severely wounded.
The black bear bites you! The black bear claws you.
* * * LOW HITPOINT WARNING * * *
The black bear claws you.
* * * LOW HITPOINT WARNING * * *
The black bear bites you.
* * * LOW HITPOINT WARNING * * *
The black bear claws you but does no damage.
The black bear claws you.
You die...

######## #[...
. ###.....
....>.# #...#.#
#.....##.#
#.h......#
#@#####.#
#.......#
########
#.#######
#......# #.#
#......# #.#
#......# #.#
#......# #.#
#......###.####
#....<.#......#


You could see a black bear (berserk).

Vanquished Creatures
  An ogre (D:4)
  A black bear (D:4)
  Blork the orc (D:4)
  An orc priest (D:4)
  2 adders
  An ufetubus (D:4)
  2 worms
  3 dart slugs
  7 orcs
  A ball python (D:3)
  4 bats
  5 endoplasms
  3 giant cockroaches
  7 goblins
  8 hobgoblins
  11 kobolds
  A quokka (D:1)
  2 frilled lizards (D:2)
  2 rats (D:3)
63 creatures vanquished.

Notes
Turn   | Place    | Note
-------+----------+-------------------------------------------
     0 | D:1      | Newt the Demonspawn Gladiator began the quest for the Orb.
     0 | D:1      | Reached XP level 1. HP: 16/16 MP: 1/1
   344 | D:1      | Reached skill level 1 in Stealth
   580 | D:1      | Gained mutation: You may rarely emit foul miasma when
                  | damaged in melee. [demonic ancestry]
   580 | D:1      | Reached XP level 2. HP: 12/22 MP: 2/2
  1260 | D:1      | Found Meloiqux's Vocational Training.
  1612 | D:2      | Reached skill level 1 in Staves
  1852 | D:2      | Gained mutation: You sometimes emit foul miasma when
                  | damaged in melee. [demonic ancestry]
  1852 | D:2      | Reached XP level 3. HP: 27/27 MP: 3/3
  2254 | D:2      | Reached skill level 2 in Staves
  2534 | D:3      | Found a faded altar of an unknown god.
  2961 | D:3      | Reached XP level 4. HP: 33/33 MP: 4/4
  3060 | D:3      | Found a shadowy altar of Dithmenos.
  3060 | D:3      | Found a stormy altar of Qazlal.
  3069 | D:3      | Found a faded altar of an unknown god.
  3071 | D:3      | Found a shimmering blue altar of Sif Muna.
  3073 | D:3      | Found a snail-covered altar of Cheibriados.
  3352 | D:4      | Noticed a black bear
  3568 | D:4      | Noticed an ogre
  3576 | D:4      | Killed an ogre
  3577 | D:4      | Reached skill level 4 in Staves
  3577 | D:4      | Gained mutation: You have a pair of small antennae on your
                  | head. [demonic ancestry]
  3577 | D:4      | Reached XP level 5. HP: 38/38 MP: 5/5
  3682 | D:4      | Noticed a black bear
  3689 | D:4      | Killed a black bear
  3690 | D:4      | Reached XP level 6. HP: 33/46 MP: 6/6
  4004 | D:4      | Noticed Blork the orc
  4011 | D:4      | Killed Blork the orc
  4156 | D:4      | HP: 2/48 [black bear (3)]
  4156 | D:4      | Slain by a black bear

Illustrated notes

Levels and vault maps discovered:
D:1:      minmay_arrival_wavy_path, layout_rooms, nicolae_shop_vocational
D:2:      layout_basic
D:3:      layout_loops_corners, chequers_temple_overflow_minitemple,
          hellmonk_ecumenical_altar_blasted, st_stairs_13
D:4:      cheibrodos_thug_alley, layout_loops_cross, trog_ov_bears_minmay,
          kennysheep_generic_room_2, uniq_blork_the_orc

Skill      XL: |  1  2  3  4  5  6 |
---------------+-------------------+-----
Stealth        | 1 2 |  2.0
Staves         | 1 2 4 |  4.0
Throwing       | 3 |  3.0
Fighting       | 3 |  3.8
Short Blades   | |  2.6
Dodging        | |  2.6

Action                   |  1- 3 |  4- 6 || total
-------------------------+-------+-------++-------
Melee: Rapier            |    42 |       ||    42
       Lajatang          |    84 |    59 ||   143
Throw: Throwing net      |     2 |     2 ||     4
       Javelin           |     1 |     1 ||     2
       Stone             |       |     3 ||     3
  Use: Scroll            |    11 |     1 ||    12
 Stab: Sleeping          |     5 |       ||     5
Armor: Leather armour    |    23 |       ||    23
       Chain mail        |    35 |    39 ||    74
Dodge: Dodged            |    63 |    28 ||    91

Table legend: (Time is in decaauts)
 A = Elapsed time spent in this place.
 B = Non-inter-level travel time spent in this place.
 C = Inter-level travel time spent in this place.
 D = Time resting spent in this place.
 E = Time spent auto-exploring this place.
 F = Levels seen in this place.
 G = Mean time per level.
                   A        B        C        D        E       F      G
               +--------+--------+--------+--------+--------+-----+--------+
         Total |   4198 |   3989 |    209 |    857 |   2514 |   4 | 1049.5 |
       Dungeon |   4198 |   3989 |    209 |    857 |   2514 |   4 | 1049.5 |
               +--------+--------+--------+--------+--------+-----+--------+

Top non-repeatable levels by time:
     D:1: 1519 daAuts
     D:3: 1075 daAuts
     D:2: 841 daAuts
     D:4: 761 daAuts
